 Dungeon Crawl Stone Soup version 0.19.1-1-g22dce08 (webtiles) character file.

21 ponk the Magician (level 2, 0/19 HPs)
             Began as a Demonspawn Wizard on Jan 8, 2017.
             Slain by a jackal (2 damage)
             ... on level 2 of the Dungeon.
             The game lasted 00:03:50 (1314 turns).

ponk the Magician (Demonspawn Wizard)               Turns: 1314, Time: 00:03:51

Health: 0/19       AC:  6    Str:  7    XL:     2   Next: 62%
Magic:  6/6        EV: 12    Int: 19    God:
Gold:   88         SH:  0    Dex: 11    Spells: 1 memorised, 7 levels left

rFire  . . .     SeeInvis .     e - +0 short sword
rCold  . . .     Gourm    .     a - +0 robe
rNeg   . . .     Faith    .     (no shield)
rPois  .         Spirit   .     b - +0 hat
rElec  .         Reflect  .     (no cloak)
rCorr  .         Harm     .     k - +1 pair of gloves
MR     .....                    (no boots)
Stlth  ++........               (no amulet)
                                (no ring)
                                (no ring)

@: no status effects
A: slimy green scales 1
a: no special abilities


You were on level 2 of the Dungeon.
You were not hungry.

You visited 1 branch of the dungeon, and saw 2 of its levels.

You collected 88 gold pieces.

Inventory:

Hand Weapons
 e - a +0 short sword (weapon)
Armour
 a - a +0 robe (worn)
 b - a +0 hat (worn)
 k - a +1 pair of gloves (worn)
 n - a +0 robe
Jewellery
 h - an uncursed amulet of regeneration {unknown}
Scrolls
 i - a scroll of fear {unknown}
 j - a scroll of enchant armour {unknown}
 p - a scroll of immolation {unknown}
Potions
 l - a potion of heal wounds {unknown}
 m - a potion of flight {unknown}
 q - a potion of curing {unknown}
 r - a potion of mutation {unknown}
Books
 c - a book of Minor Magic

   Spells                             Type                      Level
   a - Magic Dart                     Conjuration                  1
   b - Blink                          Translocation                2
   c - Call Imp                       Summoning                    2
   d - Repel Missiles                 Charms/Air                   2
   e - Slow                           Hexes                        2
   f - Conjure Flame                  Conjuration/Fire             3
   g - Mephitic Cloud                 Conjuration/Poison/Air       3
Comestibles
 d - a bread ration
 f - 3 meat rations
 g - a slice of pizza


   Skills:
 + Level 0.2 Fighting
 + Level 0.1 Short Blades
 + Level 1.8 Dodging
 + Level 2.1 Stealth
 + Level 3.5 Spellcasting
 + Level 1.0 Conjurations
   Level 1.0 Summonings
   Level 0.8 Translocations


You had 7 spell levels left.
You knew the following spells:

 Your Spells              Type           Power        Failure   Level  Hunger
a - Magic Dart            Conj           #...         12%         1    None


Dungeon Overview and Level Annotations

Branches:
Dungeon (2/15)

Altars:
Hepliaklqana


Innate Abilities, Weirdness & Mutations

You are partially covered in slimy green scales. (AC +2)


Message History

The jackal closely misses you.
The jackal bites you but does no damage.
The jackal barks! x2
The jackal closely misses you. The jackal bites you.
* * * LOW HITPOINT WARNING * * *
The jackal bites you.
* * * LOW HITPOINT WARNING * * *
There is a hazy altar of Hepliaklqana here.
The jackal barely misses you. The jackal bites you.
* * * LOW HITPOINT WARNING * * *
The jackal bites you but does no damage.
The jackal misses you. x2
The jackal barely misses you. x2
The jackal closely misses you.
Your magical contamination has completely faded away.
The jackal bites you but does no damage.
The jackal closely misses you. The jackal bites you.
You die...

#......†.#.######.##
...#.#####......##...# #.##
#..[..##..... #..>. #
#...###...w.. #.## #.
#.#.#....._.. #.###
#.#####.#.#.#...... ###...#
#.......#...##.....
#.....#####...#.##...##...#
#.........@h.h.h......##.##
#........##h..#.##.........
#........###.##.###.....##.
#.)...##.# #..........####.
###..<##.# ####............
##.###.# ######....... #.#
#.# ######## #.# #.# #..
..#


You could see 4 jackals.

Vanquished Creatures
  A giant cockroach (D:1)
  4 goblins
  3 hobgoblins
  4 jackals (D:2)
  3 bats
  A frilled lizard (D:1)
  2 rats (D:1)
18 creatures vanquished.

Notes
Turn   | Place    | Note
-------+----------+-------------------------------------------
     0 | D:1      | ponk the Demonspawn Wizard began the quest for the Orb.
     0 | D:1      | Reached XP level 1. HP: 13/13 MP: 4/4
   854 | D:1      | Gained mutation: You are partially covered in slimy green scales. (AC +2) [demonic ancestry]
   854 | D:1      | Reached XP level 2. HP: 19/19 MP: 0/6
  1079 | D:2      | Found a hazy altar of Hepliaklqana.
  1314 | D:2      | Slain by a jackal

Skill      XL: |  1  2 |
---------------+-------+-----
Stealth        | 2 |  2.1
Fighting       | |  0.2
Short Blades   | |  0.1
Dodging        | |  1.8
Spellcasting   | |  3.5
Conjurations   | |  1.0
Summonings     | |  1.0
Translocations | |  0.8

Action                   || total
-------------------------++-------
Melee: Short sword       ||    52
 Cast: Magic Dart        ||    18
 Stab: Sleeping          ||     4
       Distracted        ||     1
  Eat: Chunk             ||     1
Armor: Robe              ||    23
Dodge: Dodged            ||    45
